[ AOE2 MATCH · #463559319 ]
1v1 RMSpanish vs Poles
Player's team · WIN
Rival team · LOSS
[ REPLAY ANALYSIS · EXTRACTED FROM THE RECORDED GAME ]
Feudal
9:45
Castle
18:00
Imperial
—
| APM avg | 45.7 |
| APM peak | 83 |
| eAPM avg | 19.1 |
| Villagers / military | 98 / 63 |
Focus
⚔️ 17.3% · 🌾 82.7%
Conquistador ×40 · Cavalry Archer ×12 · Scout Cavalry ×4 · Mangonel ×3 · Archer ×2 · Missionary ×2
Feudal
11:40
Castle
16:54
Imperial
31:56
| APM avg | 32.3 |
| APM peak | 65 |
| eAPM avg | 14.5 |
| Villagers / military | 67 / 32 |
Focus
⚔️ 31.1% · 🌾 68.9%
Knight ×14 · Obuch ×12 · Scout Cavalry ×4 · Trebuchet (Packed) ×2
Match map
Initial resources + every placement click. Lines = walls · curves = elevation contours. ◆ gold · ⬟ stone · ● berries · ✦ relic · ◌ wall gap
Your base· ✓ Closed at 18:00 · 67t walls · 2 gate(s)
[bichotas] pandepapa's base· Open — unwalled flank
Smoothed initial terrain · ◌ = detected wall gap · hover for details
Inputs per minute
— Troblems - - [bichotas] pandepapa
Build order — Troblems
First 150 of 228 actions detected
| 0:00 | Create | Villager (Male) |
| 0:01 | Create | Villager (Male) |
| 0:02 | Build | House |
| 0:04 | Build | House |
| 0:05 | Create | Villager (Male) |
| 0:14 | Create | Villager (Male) |
| 0:15 | Create | Villager (Male) |
| 1:48 | Build | Lumber Camp |
| 1:48 | Create | Villager (Male) |
| 1:49 | Create | Villager (Male) |
| 1:49 | Create | Villager (Male) |
| 2:04 | Create | Villager (Male) |
| 2:04 | Create | Villager (Male) |
| 2:21 | Create | Villager (Male) |
| 2:21 | Create | Villager (Male) |
| 3:21 | Create | Villager (Male) |
| 3:21 | Create | Villager (Male) |
| 3:59 | Create | Villager (Male) |
| 3:59 | Create | Villager (Male) |
| 3:59 | Create | Villager (Male) |
| 4:09 | Create | Villager (Male) |
| 4:10 | Create | Villager (Male) |
| 4:10 | Create | Villager (Male) |
| 5:19 | Create | Villager (Male) |
| 5:19 | Create | Villager (Male) |
| 5:20 | Create | Villager (Male) |
| 5:25 | Build | House |
| 5:26 | Build | House |
| 6:44 | Create | Villager (Male) |
| 6:58 | Build | Mill |
| 7:29 | Build | Mining Camp |
| 7:35 | Research | Feudal Age |
| 8:02 | Create | Villager (Male) |
| 8:50 | Build | Mining Camp |
| 9:13 | Create | Villager (Male) |
| 9:45 | Age | Feudal Age |
| 10:28 | Build | Barracks |
| 10:36 | Build | Barracks |
| 10:45 | Create | Villager (Male) |
| 10:45 | Create | Villager (Male) |
| 10:45 | Create | Villager (Male) |
| 10:45 | Create | Villager (Male) |
| 11:15 | Build | Gate |
| 11:18 | Build | Stone Wall |
| 11:30 | Build | Stone Wall |
| 11:34 | Build | Stone Wall |
| 11:51 | Build | Market |
| 11:58 | Build | Stone Wall |
| 12:06 | Create | Villager (Male) |
| 12:06 | Create | Villager (Male) |
| 12:06 | Create | Villager (Male) |
| 12:37 | Build | Blacksmith |
| 12:42 | Build | Farm |
| 12:59 | Build | House |
| 13:22 | Build | House |
| 13:33 | Build | House |
| 13:34 | Build | House |
| 13:35 | Build | House |
| 13:40 | Build | House |
| 13:46 | Build | Stone Wall |
| 13:58 | Build | Farm |
| 14:59 | Build | Archery Range |
| 15:15 | Build | Farm |
| 15:20 | Research | Castle Age |
| 15:36 | Build | House |
| 15:48 | Build | Palisade Wall |
| 15:48 | Build | Palisade Wall |
| 15:55 | Build | Palisade Wall |
| 15:57 | Build | Palisade Wall |
| 16:00 | Build | Palisade Wall |
| 16:02 | Build | Palisade Wall |
| 16:21 | Build | Stone Wall |
| 16:31 | Build | Stone Wall |
| 16:59 | Build | Gate |
| 17:01 | Build | House |
| 17:22 | Create | Archer ×2 |
| 17:34 | Build | Farm |
| 17:34 | Create | Villager (Male) |
| 17:34 | Create | Villager (Male) |
| 18:00 | Age | Castle Age |
| 18:04 | Build | Farm |
| 18:05 | Create | Villager (Male) |
| 18:05 | Create | Villager (Male) |
| 18:05 | Create | Villager (Male) |
| 18:30 | Build | Stone Wall |
| 18:40 | Build | Town Center |
| 18:47 | Create | Villager (Male) |
| 18:47 | Create | Villager (Male) |
| 18:54 | Build | Farm |
| 19:05 | Build | House |
| 19:08 | Build | House |
| 19:09 | Build | House |
| 19:10 | Build | House |
| 20:14 | Build | Farm |
| 20:15 | Research | Horse Collar |
| 20:21 | Create | Villager (Male) |
| 20:22 | Create | Villager (Male) |
| 20:22 | Create | Villager (Male) |
| 20:43 | Build | Siege Workshop |
| 21:08 | Build | Mining Camp |
| 21:18 | Create | Villager (Male) |
| 21:18 | Create | Villager (Male) |
| 21:19 | Create | Villager (Male) |
| 21:51 | Build | Farm |
| 21:53 | Create | Villager (Male) |
| 21:53 | Create | Villager (Male) |
| 21:54 | Create | Villager (Male) |
| 21:54 | Create | Villager (Male) |
| 21:57 | Create | Villager (Male) |
| 21:57 | Create | Villager (Male) |
| 22:22 | Create | Cavalry Archer ×4 |
| 22:22 | Create | Cavalry Archer ×4 |
| 22:22 | Create | Cavalry Archer ×4 |
| 22:31 | Build | Farm |
| 22:37 | Research | Double-Bit Axe |
| 23:22 | Build | Castle |
| 23:45 | Create | Villager (Male) |
| 23:46 | Create | Villager (Male) |
| 23:46 | Create | Villager (Male) |
| 23:46 | Create | Villager (Male) |
| 24:00 | Create | Villager (Male) |
| 24:00 | Create | Villager (Male) |
| 24:16 | Create | Conquistador |
| 24:17 | Create | Conquistador |
| 24:37 | Create | Villager (Male) |
| 24:37 | Create | Villager (Male) |
| 25:15 | Build | Farm |
| 25:16 | Create | Villager (Male) |
| 25:16 | Create | Villager (Male) |
| 25:16 | Create | Villager (Male) |
| 25:17 | Create | Villager (Male) |
| 25:34 | Create | Villager (Male) |
| 25:34 | Create | Villager (Male) |
| 25:47 | Build | Farm |
| 25:57 | Create | Conquistador |
| 25:57 | Create | Conquistador |
| 25:57 | Create | Conquistador |
| 26:10 | Build | Farm |
| 26:10 | Build | Farm |
| 26:10 | Build | Farm |
| 26:10 | Build | Farm |
| 26:10 | Build | Farm |
| 26:14 | Build | Farm |
| 26:14 | Build | Farm |
| 26:14 | Build | Farm |
| 26:14 | Build | Farm |
| 26:15 | Build | Farm |
| 26:27 | Create | Conquistador |
| 26:27 | Create | Conquistador |
| 26:31 | Build | Farm |
Build order — [bichotas] pandepapa
First 150 of 159 actions detected
| 0:03 | Build | House |
| 0:05 | Build | House |
| 0:10 | Create | Villager (Male) ×4 |
| 1:50 | Create | Villager (Male) |
| 2:00 | Create | Villager (Male) |
| 2:29 | Create | Villager (Male) |
| 3:10 | Create | Villager (Male) |
| 3:24 | Create | Villager (Male) |
| 3:25 | Create | Villager (Male) |
| 3:40 | Build | Lumber Camp |
| 4:23 | Create | Villager (Male) |
| 4:23 | Create | Villager (Male) |
| 4:43 | Build | Mill |
| 4:56 | Research | Loom |
| 4:56 | Create | Villager (Male) |
| 4:56 | Create | Villager (Male) |
| 5:16 | Create | Villager (Male) |
| 5:17 | Create | Villager (Male) |
| 5:56 | Build | House |
| 6:12 | Create | Villager (Male) |
| 6:16 | Build | Mining Camp |
| 6:22 | Create | Villager (Male) |
| 6:23 | Create | Villager (Male) |
| 8:17 | Build | Barracks |
| 9:30 | Research | Feudal Age |
| 10:36 | Create | Villager (Male) |
| 10:36 | Create | Villager (Male) |
| 11:40 | Age | Feudal Age |
| 11:46 | Build | Market |
| 12:36 | Build | Stable |
| 12:39 | Create | Villager (Male) |
| 13:33 | Build | House |
| 13:55 | Build | Farm |
| 13:58 | Build | Farm |
| 14:08 | Create | Scout Cavalry |
| 14:08 | Create | Scout Cavalry |
| 14:14 | Research | Castle Age |
| 14:26 | Create | Scout Cavalry |
| 14:30 | Create | Scout Cavalry |
| 14:38 | Build | House |
| 14:39 | Build | House |
| 14:40 | Build | House |
| 15:25 | Research | Bloodlines |
| 15:33 | Build | Farm |
| 15:35 | Build | Farm |
| 15:40 | Research | Double-Bit Axe |
| 16:08 | Build | Farm |
| 16:10 | Build | Farm |
| 16:36 | Research | Gold Mining |
| 16:54 | Age | Castle Age |
| 16:59 | Create | Villager (Male) |
| 17:00 | Create | Villager (Male) |
| 17:00 | Create | Villager (Male) |
| 17:00 | Create | Villager (Male) |
| 17:19 | Build | Town Center |
| 17:56 | Build | Farm |
| 17:59 | Build | Farm |
| 18:04 | Create | Villager (Male) |
| 18:31 | Create | Villager (Male) |
| 18:58 | Create | Villager (Male) |
| 18:58 | Create | Villager (Male) |
| 18:59 | Create | Villager (Male) |
| 19:30 | Build | Castle |
| 19:34 | Build | House |
| 19:37 | Build | House |
| 19:49 | Build | House |
| 19:52 | Build | House |
| 20:03 | Create | Villager (Male) |
| 20:03 | Create | Villager (Male) |
| 20:03 | Create | Villager (Male) |
| 20:12 | Build | House |
| 20:13 | Build | House |
| 20:14 | Build | House |
| 20:15 | Build | House |
| 20:36 | Build | Mill |
| 20:58 | Create | Villager (Male) |
| 21:03 | Create | Villager (Male) |
| 21:03 | Create | Villager (Male) |
| 21:16 | Build | Farm |
| 21:18 | Build | Farm |
| 21:21 | Build | Farm |
| 21:22 | Create | Villager (Male) |
| 21:51 | Create | Obuch |
| 21:51 | Create | Obuch |
| 21:51 | Create | Obuch |
| 22:03 | Build | Farm |
| 22:04 | Create | Villager (Male) |
| 22:05 | Create | Villager (Male) |
| 22:12 | Build | Farm |
| 22:27 | Build | House |
| 22:28 | Build | House |
| 22:29 | Build | House |
| 22:47 | Build | Palisade Wall |
| 22:54 | Build | Farm |
| 22:56 | Create | Villager (Male) |
| 23:00 | Build | Farm |
| 23:15 | Create | Villager (Male) |
| 23:15 | Create | Villager (Male) |
| 23:25 | Build | Farm |
| 23:41 | Research | Town Watch |
| 23:46 | Create | Obuch |
| 23:46 | Create | Obuch |
| 24:00 | Create | Villager (Male) |
| 24:00 | Create | Villager (Male) |
| 24:18 | Create | Villager (Male) |
| 24:18 | Create | Villager (Male) |
| 24:36 | Build | Town Center |
| 24:57 | Create | Villager (Male) |
| 25:32 | Create | Knight |
| 25:32 | Create | Knight |
| 25:32 | Create | Knight |
| 26:09 | Create | Obuch |
| 26:09 | Create | Obuch |
| 27:05 | Build | Blacksmith |
| 27:40 | Build | Farm |
| 27:57 | Build | House |
| 28:01 | Build | House |
| 28:02 | Build | House |
| 28:06 | Create | Villager (Male) |
| 28:06 | Create | Villager (Male) |
| 28:10 | Build | Farm |
| 28:14 | Build | Farm |
| 28:46 | Research | Imperial Age |
| 29:50 | Build | Castle |
| 29:55 | Create | Villager (Male) |
| 29:55 | Create | Villager (Male) |
| 30:12 | Create | Obuch |
| 30:12 | Create | Obuch |
| 30:12 | Create | Obuch |
| 30:21 | Build | Lumber Camp |
| 30:24 | Create | Villager (Male) |
| 30:24 | Create | Villager (Male) |
| 31:18 | Create | Knight |
| 31:18 | Create | Knight |
| 31:19 | Create | Knight |
| 31:25 | Create | Villager (Male) |
| 31:26 | Create | Villager (Male) |
| 31:26 | Create | Villager (Male) |
| 31:55 | Create | Villager (Male) |
| 31:55 | Create | Villager (Male) |
| 31:55 | Create | Villager (Male) |
| 31:56 | Create | Villager (Male) |
| 31:56 | Create | Villager (Male) |
| 31:56 | Age | Imperial Age |
| 31:57 | Create | Villager (Male) |
| 31:57 | Create | Villager (Male) |
| 32:03 | Create | Trebuchet (Packed) |
| 32:04 | Create | Trebuchet (Packed) |
| 32:26 | Create | Villager (Male) |
| 32:27 | Create | Villager (Male) |
Match timeline
| 8:17 | [bichotas] pandepapa · first_building Barracks |
| 9:45 | Troblems · age_up feudal |
| 10:28 | Troblems · first_building Barracks |
| 11:18 | Troblems · wall_segment Stone Wall x5 |
| 11:30 | Troblems · wall_segment Stone Wall x12 |
| 11:34 | Troblems · wall_segment Stone Wall x13 |
| 11:40 | [bichotas] pandepapa · age_up feudal |
| 11:58 | Troblems · wall_segment Stone Wall x10 |
| 12:36 | [bichotas] pandepapa · first_building Stable |
| 13:21 | [bichotas] pandepapa · first_market_sell 100 stone |
| 13:22 | [bichotas] pandepapa · first_market_buy 100 food |
| 13:46 | Troblems · wall_segment Stone Wall x12 |
| 14:34 | Troblems · first_market_buy 100 food |
| 14:59 | Troblems · first_building Archery Range |
| 15:48 | Troblems · wall_segment Palisade Wall x1 |
| 15:48 | Troblems · wall_segment Palisade Wall x1 |
| 15:55 | Troblems · wall_segment Palisade Wall x1 |
| 15:57 | Troblems · wall_segment Palisade Wall x1 |
| 16:00 | Troblems · wall_segment Palisade Wall x1 |
| 16:02 | Troblems · wall_segment Palisade Wall x1 |
| 16:21 | Troblems · wall_segment Stone Wall x6 |
| 16:31 | Troblems · wall_segment Stone Wall x3 |
| 16:54 | [bichotas] pandepapa · age_up castle |
| 18:00 | Troblems · age_up castle |
| 18:30 | Troblems · wall_segment Stone Wall x1 |
| 19:30 | [bichotas] pandepapa · first_building Castle |
| 20:43 | Troblems · first_building Siege Workshop |
| 22:47 | [bichotas] pandepapa · wall_segment Palisade Wall x4 |
| 23:04 | Troblems · first_market_sell 100 wood |
| 23:22 | Troblems · first_building Castle |
| 28:39 | Troblems · first_building Monastery |
| 31:56 | [bichotas] pandepapa · age_up imperial |
| 34:20 | Troblems · first_building Stable |
| 36:56 | [bichotas] pandepapa · resign |
[ AI ANALYSIS · 1 CREDIT ]
What really happened in this match?
Wolo.gg analyzes every decision: build order, eco, micro, common mistakes by bracket. Personalized analysis on WhatsApp or Discord in 30 seconds.
Civ guide
Spanish
Map guide
Arabia
Perfil
Jugador #1790803